 Dungeon Crawl Stone Soup version 0.22-a0-533-g4d20840 (webtiles) character file.

221 Jivvin the Ruffian (level 5, -10/50 HPs)
             Began as a Troll Berserker on June 22, 2018.
             Was a Priest of Trog.
             Killed from afar by Ijyb (12 damage)
             ... with a wand of acid (10)
             ... on level 3 of the Dungeon.
             The game lasted 00:02:05 (2001 turns).

Jivvin the Ruffian (Troll Berserker)                Turns: 2001, Time: 00:02:05

Health: -10/50     AC:  1    Str: 26    XL:     5   Next: 65%
Magic:  4/4        EV: 10    Int:  3    God:    Trog [***...]
Gold:   134        SH:  0    Dex:  9    Spells: 4/4 levels left

rFire    + . .     SeeInvis .     - Unarmed
rCold    + . .     Gourm    +   (no shield)
rNeg     . . .     Faith    .   a - +0 animal skin
rPois    +         Spirit   .   (helmet restricted)
rElec    +         Reflect  .   (no cloak)
rCorr    +         Harm     .   (gloves unavailable)
MR       .....                  (boots unavailable)
Stlth    +.........             (no amulet)
HPRegen  0.56/turn              (no ring)
MPRegen  0.09/turn              (no ring)

@: resistant, corroded, drained
A: large, unfitting armour, claws 3, fast metabolism 3, gourmand, regeneration
1, shaggy fur 1, tough skin 2
a: Berserk, Trog's Hand, Renounce Religion


You were on level 3 of the Dungeon.
You worshipped Trog.
Trog was most pleased with you.
You were completely stuffed.

You visited 1 branch of the dungeon, and saw 3 of its levels.

You collected 134 gold pieces.

Inventory:

Armour
 a - a +0 animal skin (worn)
Jewellery
 k - an uncursed ring of protection from cold {unknown}
Scrolls
 c - 2 scrolls of remove curse {unknown}
 d - 2 scrolls of identify {unknown}
 g - a scroll of fog {unknown}
 h - a scroll of immolation {unknown}
 p - a scroll of amnesia {unknown}
Potions
 e - a potion of lignification {unknown}
 f - a potion of invisibility {unknown}
 i - a potion of haste {unknown}
 j - a potion of cancellation {unknown}
 l - a potion of brilliance {unknown}
 n - a potion of resistance
 o - a potion of agility {unknown}
Comestibles
 b - 4 rations
 m - a chunk of flesh


   Skills:
 - Level 2.4(2.2) Fighting
 - Level 2.4(2.2) Dodging
 + Level 6.4(6.2) Unarmed Combat


You had 4 spell levels left.
You didn't know any spells.
Your spell library was empty.

Dungeon Overview and Level Annotations

Branches:
Dungeon (3/15)

Altars:
Dithmenos
Fedhas

Annotations:
D:3 Ijyb


Innate Abilities, Weirdness & Mutations

You are too large for most types of armour.
You have claws for hands.
Your metabolism is lightning-fast.
You like to eat raw meat.
Your natural rate of healing is unusually fast.
You are covered in fur. (AC +1)
You have very tough skin. (AC +2)


Message History

You are too injured to fight recklessly!
You are too injured to fight recklessly!
You are too injured to fight recklessly!
You are too injured to fight recklessly!
You are too injured to fight recklessly!
You are too injured to fight recklessly!
You are too injured to fight recklessly!
The goblin hits you but does no damage.
You feel drained.
Ijyb zaps a wand.
The bolt of acid hits the goblin.
The goblin is splashed with acid.
The acid corrodes the goblin!
The goblin dies!
The bolt of acid hits you!
* * * LOW HITPOINT WARNING * * *
The acid corrodes you!
You are splashed with acid!
The acid burns!
* * * LOW HITPOINT WARNING * * *
It was a potion of resistance.
You feel protected. The goblin completely misses you.
Ijyb zaps a wand.
The bolt of acid hits you! You resist.
You die...

........###.# ##...#
.......## #.#####.....#
.##.....# #......)....#
.##..8..###..####.#...#
.##.8_8...........#####
.....8....##..#..########
###.....#.##.###.8.8.8.8.
##.....................
######.##[##.@)g.....(
#....##..g†g$....
###..##.........?
#.###..)....... ###
#..8.8.8.8. ###########


You could see Ijyb and 2 goblins.

Vanquished Creatures
  A scorpion (D:3)
  Robin (D:2)
  6 adders
  5 worms
  3 dart slugs
  4 orcs (D:3)
  4 bats
  7 giant cockroaches
  18 goblins
  11 hobgoblins
  3 kobolds
  2 quokkas (D:2)
  14 rats
79 creatures vanquished.

Vanquished Creatures (others)
  2 goblins (D:3)
2 creatures vanquished.

Grand Total: 81 creatures vanquished

Notes
Turn   | Place    | Note
-------+----------+-------------------------------------------
     0 | D:1      | Jivvin the Troll Berserker began the quest for the Orb.
     0 | D:1      | Reached XP level 1. HP: 22/22 MP: 0/0
   152 | D:1      | Reached XP level 2. HP: 29/29 MP: 1/1
   389 | D:1      | Reached skill level 4 in Unarmed Combat
   707 | D:2      | Reached XP level 3. HP: 36/36 MP: 2/2
   831 | D:2      | Reached ** piety under Trog
  1333 | D:2      | Noticed Robin
  1350 | D:2      | Reached XP level 4. HP: 44/44 MP: 3/3
  1354 | D:2      | Reached skill level 5 in Unarmed Combat
  1358 | D:2      | Killed Robin
  1541 | D:2      | Found a blossoming altar of Fedhas.
  1753 | D:3      | Found a faded altar of an unknown god.
  1782 | D:3      | Reached XP level 5. HP: 50/50 MP: 4/4
  1816 | D:3      | Found a shadowy altar of Dithmenos.
  1848 | D:3      | Reached skill level 6 in Unarmed Combat
  1851 | D:3      | Reached *** piety under Trog
  1995 | D:3      | Noticed Ijyb
  2000 | D:3      | HP: 1/50 [acid (12)]
  2001 | D:3      | Killed from afar by Ijyb

Vault maps used:
D:1:      lemuel_arrival_muddy, minmay_rat_gold_closets
D:2:      nicolae_overflow_hidden_temple, uniq_robin
D:3:      kennysheep_the_goblin_king, cheibrodos_ashenzari_chains, first_ration,
          chequers_ecumenical_altar_simple, grunt_dithmenos_smoke_and_mirrors

Skill      XL: |  1  2  3  4  5 |
---------------+----------------+-----
Unarmed Combat | 4 5 6 |  6.4
Fighting       | |  2.4
Dodging        | |  2.4

Action                   |  1- 3 |  4- 6 || total
-------------------------+-------+-------++-------
Melee: Unarmed           |    94 |   102 ||   196
       Punch             |     1 |     1 ||     2
Invok: Berserk           |     1 |     1 ||     2
  Use: Potion            |       |     1 ||     1
 Stab: Sleeping          |     3 |       ||     3
  Eat: Chunk             |    16 |    10 ||    26
Armor: Animal skin       |    32 |    51 ||    83
Dodge: Dodged            |    28 |    66 ||    94

Table legend:
 A = Spawn XP
 B = Non-spawn XP
 C = Spawn XP percentage of total XP
 D = Spawn monster count
 E = Non-spawn monster count
 F = Spawn count percentage of total count
 G = Total turns spent on level
                    A         B        C        D         E        F      G
               +---------+---------+-------+---------+---------+-------+---------
         Total |       0 |     316 |   0.0 |       0 |      79 |   0.0 |  2001
               +---------+---------+-------+---------+---------+-------+---------
           D:1 |       0 |      40 |   0.0 |       0 |      24 |   0.0 |   699
           D:2 |       0 |     110 |   0.0 |       0 |      29 |   0.0 |  1011
           D:3 |       0 |     166 |   0.0 |       0 |      26 |   0.0 |   291
               +---------+---------+-------+---------+---------+-------+---------
